 Dungeon Crawl Stone Soup version 0.27.1-35-g4d5d836560 (console) character file.

Game seed: 12128506657490563912

4456 grimtooth the Destroyer (level 10, -3/87 HPs)
             Began as a Tengu Conjurer on Mar 7, 2022.
             Slain by an orc knight (8 damage)
             ... in a bailey.
             The game lasted 00:55:04 (9727 turns).

grimtooth the Destroyer (Tengu Conjurer)            Turns: 9727, Time: 00:55:05

Health: -3/87      AC: 29    Str:  8    XL:     10   Next: 37%
Magic:  0/20       EV:  2    Int: 22    God:
Gold:   205        SH:  0    Dex: 12    Spells: 10/21 levels left

rFire    . . .     SeeInvis .   u - +3 dagger
rCold    . . .     Faith    .   (no shield)
rNeg     + + +     Spirit   .   (armour currently unavailable)
rPois    +         Reflect  .   (helmet currently unavailable)
rElec    .         Harm     .   (cloak currently unavailable)
rCorr    .         Rampage  .   (gloves currently unavailable)
Will     +....     NoTele   +   (boots unavailable)
Stlth    ++........             (no amulet)
HPRegen  0.24/turn              x - ring of willpower
MPRegen  0.17/turn              y - +4 ring of protection

@: mighty, tree-form
A: stationary, stasis, torment immunity, boosted hp, (beak), (talons 3), nimble
flight
a: no special abilities


You were in a bailey.
You were a tree.
You visited 2 branches of the dungeon, and saw 8 of its levels.
You also visited: Bailey.

You collected 247 gold pieces.
You spent 42 gold pieces at shops.

Inventory:

Hand Weapons
 u - a +3 dagger (weapon)
 K - a +4 quarterstaff of chaos
Missiles
 c - 57 stones
 e - 53 poisoned darts (quivered)
 f - 88 arrows
 t - 21 sling bullets
 w - 48 boomerangs
 B - a throwing net {=f}
Armour
 a - a +0 robe
 b - a +0 pair of gloves (melded)
 D - a +0 cloak (melded)
 G - a +2 robe of positive energy (melded)
Jewellery
 g - the ring of Mistrust {Fly rCorr Str-4 Dex+6}
   (You found it on level 7 of the Dungeon)

   [ring of dexterity]

   Str:       It affects your strength (-4).
   Dex:       It affects your dexterity (+6).
   Fly:       It grants you flight.
   rCorr:     It protects you from acid and corrosion.
 x - a ring of willpower (left branch)
 y - a +4 ring of protection (right branch)
 z - a ring of protection from cold
Wands
 j - a wand of polymorph (11)
Scrolls
 d - 3 scrolls of fear {unknown}
 k - a scroll of enchant armour {unknown}
 l - a scroll of noise {unknown}
 m - a scroll of fog {unknown}
 n - 2 scrolls of holy word {unknown}
 q - a scroll of vulnerability {unknown}
 r - 3 scrolls of teleportation {unknown}
 A - a scroll of enchant weapon {unknown}
 C - a scroll of magic mapping {unknown}
 F - a scroll of blinking {unknown}
 H - a scroll of torment {unknown}
 L - a scroll of amnesia {unknown}
Potions
 h - 4 potions of attraction
 i - a potion of curing
 o - 3 potions of magic
 p - 2 potions of mutation
 v - a potion of flight {unknown}
 E - a potion of degeneration {unknown}
 I - a potion of haste
 J - 2 potions of lignification
 N - a potion of cancellation {unknown}


   Skills:
 + Level 4.7 Fighting
 - Level 6.0 Dodging
 - Level 2.0 Stealth
 - Level 6.0 Spellcasting
 - Level 12.0 Conjurations
 + Level 1.6 Hexes
 - Level 6.0 Translocations


You had 10 spell levels left.
You knew the following spells:

 Your Spells              Type           Power      Damage    Failure   Level
a - Magic Dart            Conj           100%       1d8       1%          1
b - Searing Ray           Conj           100%       3d7       1%          2
d - Iskenderun's Mystic   Conj/Tloc      46%        2d10      2%          4
f - Fulminant Prism       Conj/Hex       18%        3d11      5%          4

Your spell library contained the following spells:

 Spells                   Type           Power      Damage    Failure   Level
 Foxfire                  Conj/Fire      100%       2x1d9     1%          1
 Dazzling Flash           Conj/Hex       72%        N/A       1%          3
 Iskenderun's Battlesphe  Conj           56%        2d11      1%          5
 Conjure Flame            Conj/Fire      33%        6-21      2%          3
 Inner Flame              Hex/Fire       10%        N/A       21%         3
 Fireball                 Conj/Fire      16%        3d8       22%         5
 Orb of Destruction       Conj           28%        9d11      50%         7
 Conjure Ball Lightning   Conj/Air       16%        3x3d6     75%         6


Dungeon Overview and Level Annotations

Branches:
Dungeon (7/15)             Temple (1/1) D:4          Bailey (1/1)

Altars:
Ashenzari
Cheibriados
Dithmenos
Elyvilon
Fedhas
Gozag
Hepliaklqana
Kikubaaqudgha
Makhleb
Nemelex Xobeh
Okawaru
Qazlal
Ru
Sif Muna
Trog
Uskayaw
Wu Jian
Xom
Yredelemnul
Zin
The Shining One

Shops:
D:3 !   D:5 (   D:6 (


Innate Abilities, Weirdness & Mutations

You are a tree.
Your roots penetrate the ground, keeping you stationary.
You cannot be teleported.
You are immune to unholy pain and torment.
Your maximum health is greatly increased.
Your equipment is partially melded.
((You have a beak for a mouth.))
((You have claws for feet.))
Your magical nature lets you fly swiftly and evasively.


Message History

You feel better.
The orc knight hits you but does no damage.
You closely miss the orc knight.
The orc knight is severely wounded.
The orc knight hits you with a +2 dire flail.
* * * LOW HITPOINT WARNING * * *
You barely miss the orc knight.
The orc knight is severely wounded.
The orc knight hits you with a +2 dire flail.
* * * LOW HITPOINT WARNING * * *
You feel better.
The orc knight hits you but does no damage.
You feel very mighty all of a sudden. The orc knight barely misses you.
You closely miss the orc knight.
The orc knight is severely wounded.
The orc knight hits you with a +2 dire flail!!
* * * LOW HITPOINT WARNING * * *
You feel better.
The orc knight hits you with a +2 dire flail.
* * * LOW HITPOINT WARNING * * *
You feel better.
The orc knight hits you with a +2 dire flail!!
* * * LOW HITPOINT WARNING * * *
Enter note: - god domn it
Press: ? - help, v - describe, . - travel
Here: an orc knight, wielding a +2 dire flail and wearing a +0 plate armour (severely wounded)
The floor.
Casting: Magic Dart (safe; 1% risk of failure)
Confirm with . or Enter, or press ? or * to list all spells.
Aiming: Searing Ray (safe; 1% risk of failure)
Press: ? - help, Shift-Dir - straight line, f/p - orc knight
Aim: an orc knight, wielding a +2 dire flail and wearing a +0 plate armour (severely wounded, 83% to hit)
The searing ray misses the orc knight. (Press . to maintain the ray.)
The orc knight hits you but does no damage.
You hit the orc knight.
The orc knight is almost dead.
The orc knight hits you with a +2 dire flail!
You die...

### ### ##### ### #
#∩###.###)(.###.###
##'##'##÷###÷##'##'
##....)## ##††...#
###.÷...#####)....#
#.♣o.∩..'.#.'..⌠..'
###.....#####.....#
#...)(# #....(#
#'##'##'# #'##'##'
#.# #.# #.#.# #.###
## ### ### ### #
#g#.# #. ## #'#
#'##'##' .# #....(#
#...o.# #.'..)..'


You could see an orc knight.

Vanquished Creatures
  A two-headed ogre (D:6)
  A cyclops (D:6)
  Sigmund (D:2)
  Eustachio (D:5)
  Menkaure (D:5)
  2 sky beasts
  A water moccasin (D:7)
  An ice beast (D:7)
  2 black bears (D:6)
  2 necrophages
  An orc warrior (D:6)
  4 ogres
  2 phantoms
  Blork the orc (D:6)
  2 bullfrogs (D:7)
  5 scorpions
  A howler monkey (D:6)
  A centaur zombie (D:7)
  3 hounds
  Crazy Yiuf (D:3)
  2 centaur skeletons
  4 orc priests
  4 jellies
  A gnoll shaman (D:6)
  4 orc wizards
  Jessica (D:2)
  3 bullfrog skeletons
  Natasha (thrice) (D:2)
  2 hound skeletons (D:4)
  4 adders
  24 gnolls
  An adder skeleton (D:4)
  4 worms
  A dart slug (D:2)
  26 orcs
  7 bats
  10 endoplasms
  5 giant cockroaches
  8 goblins
  19 hobgoblins
  7 jackals
  13 kobolds
  3 quokkas
  A ball python (D:1)
  6 frilled lizards
  8 rats
205 creatures vanquished.

Vanquished Creatures (others)
  9 fulminant prisms
  A fungus (D:3)
10 creatures vanquished.

Grand Total: 215 creatures vanquished

Notes
Turn   | Place    | Note
-------+----------+-------------------------------------------
     0 | D:1      | grimtooth the Tengu Conjurer began the quest for the Orb.
     0 | D:1      | Reached XP level 1. HP: 10/10 MP: 4/4
   153 | D:1      | Reached XP level 2. HP: 15/15 MP: 0/6
   214 | D:1      | Learned a level 2 spell: Searing Ray
   276 | D:1      | Reached skill level 6 in Conjurations
   646 | D:1      | Reached XP level 3. HP: 19/19 MP: 1/7
  1227 | D:2      | Noticed Jessica
  1289 | D:2      | Reached skill level 7 in Conjurations
  1398 | D:2      | Noticed Sigmund
  1489 | D:2      | Reached XP level 4. HP: 24/24 MP: 5/8
  1537 | D:2      | Killed Jessica
  1642 | D:2      | Noticed Natasha
  1645 | D:2      | Killed Natasha
  1646 | D:2      | Reached skill level 8 in Conjurations
  1646 | D:2      | Gained mutation: Your magical nature lets you fly swiftly
                  | and evasively. [Tengu growth]
  1646 | D:2      | Reached XP level 5. HP: 28/28 MP: 5/9
  1752 | D:2      | Noticed Natasha
  1781 | D:2      | Killed Natasha
  1983 | D:2      | Noticed Natasha
  1993 | D:2      | Killed Natasha
  2208 | D:3      | Found Wylailai's Distillery.
  2211 | D:3      | Bought a potion of curing for 42 gold pieces
  2302 | D:3      | Reached skill level 9 in Conjurations
  2412 | D:3      | Found a faded altar of an unknown god.
  2884 | D:3      | Reached XP level 6. HP: 32/32 MP: 7/10
  3247 | D:4      | Noticed a necrophage
  3254 | D:4      | Killed a necrophage
  3600 | D:4      | Reached skill level 1 in Fighting
  3600 | D:4      | Reached XP level 7. HP: 39/39 MP: 5/14
  3764 | D:4      | Found a stormy altar of Qazlal.
  3765 | D:4      | Found a white marble altar of Elyvilon.
  3767 | D:4      | Found a broken altar of Ashenzari.
  3861 | D:4      | Found a staircase to the Ecumenical Temple.
  3870 | Temple   | Entered the Ecumenical Temple
  4973 | D:4      | Found a shadowy altar of Dithmenos.
  4973 | D:4      | Found a shimmering blue altar of Sif Muna.
  4975 | D:4      | Found a burning altar of Makhleb.
  4978 | D:4      | Found a glowing silver altar of Zin.
  5005 | D:4      | Reached XP level 8. HP: 43/48 MP: 9/15
  5049 | D:4      | - every one but I want
  5082 | D:5      | Entered Level 5 of the Dungeon
  5256 | D:5      | Reached skill level 5 in Dodging
  5324 | D:5      | Noticed Menkaure
  5598 | D:5      | Learned a level 4 spell: Iskenderun's Mystic Blast
  5683 | D:5      | Noticed Eustachio
  5692 | D:5      | Killed Eustachio
  5693 | D:5      | Reached skill level 1 in Translocations
  6111 | D:5      | Reached skill level 5 in Spellcasting
  6371 | D:5      | Found Jorojane's Weapon Shop.
  6405 | D:5      | Killed Menkaure
  6532 | D:2      | Killed Sigmund
  6533 | D:2      | Reached XP level 9. HP: 52/52 MP: 12/18
  7454 | D:6      | Noticed Blork the orc
  7475 | D:6      | Killed Blork the orc
  7548 | D:6      | Noticed a two-headed ogre
  7564 | D:6      | Killed a two-headed ogre
  7565 | D:6      | Reached skill level 11 in Conjurations
  7565 | D:6      | Reached skill level 5 in Translocations
  7664 | D:6      | Noticed a cyclops
  7666 | D:6      | - seems a little ood
  7725 | D:6      | Learned a level 4 spell: Fulminant Prism
  8012 | D:6      | Reached XP level 10. HP: 56/56 MP: 14/20
  8199 | D:6      | Killed a cyclops
  8409 | D:6      | Found Xial Rei's Antique Weapon Shop.
  8671 | D:3      | Found a runed translucent door.
  8672 | D:3      | Noticed Crazy Yiuf
  8679 | D:3      | Killed Crazy Yiuf
  8680 | D:3      | Reached skill level 12 in Conjurations
  9016 | D:7      | Identified the ring of Mistrust {Fly rCorr Str-4 Dex+6}
  9039 | D:7      | Reached skill level 1 in Hexes
  9143 | D:7      | Found a flagged portal.
  9326 | D:7      | - why are there no messages for this bailey
  9337 | Bailey   | Entered a bailey
  9674 | Bailey   | Noticed an orc knight
  9725 | Bailey   | HP: 4/87 [orc knight (20)]
  9726 | Bailey   | - god domn it
  9727 | Bailey   | Slain by an orc knight

Illustrated notes ##_#_.## #⌠...._# ###..### #.....# ###..### ####⌠...._#### #..###..###..# #.##.....###.##### #.####..###....... #.# #....###.##### #@# #8..8###.....# #.# ##..###......# #.# #.## #.._8_.# #.# #.# #..._... #.####.####......# #.............#### ######.######.# #. #.# #.# #. #.# ##.###. #.#####...##. #............ Turn 5049 on D:4: - every one but I want

#.##.####### #.....###.##....
#.#........####...####)######
#.#..#####.............# ###
#..>.# #######.####### #.. #
###.## #.# #.# . #.# ##+## #.# ..
#.# ##...## #.# .. #.######
##.....## ##.. h.# ##......#
##.......## ##..#
...###.....C.###.........####...#
#.....#.......+@....<...'.))....
##!..##.....###.........####....
##.###.....# ##.......## ##..#
#.##.###..# ##.....## ##.# #.#.#
...# ##.).## ... #.## ...## ##)##
#.# .8. ....# #)# #.# #.# ##..#
#)# #.# #.# ##.## ##...## #.....#


Turn 7666 on D:6: - seems a little ood #.#...# #. #..# #####.##.
#.##..###........ #.........###.# ####..........# #.########## #.# #############
#.# #...........# #.# ######8###8##.# ### #.# #.'........∩8.#
.$..###.#####@##8###8####.#### #........[..#...............
####...#################.### #.....# ###.#### #.#.. ##...## #......# #.#.# ##.##
###.#.##.# #.#.# # #.# #........# #.#.# # #.# #.#.#.#..# #.... # ##'##
#.#.#.#..# ###.# # ##...## #.#.#.#..### #.# ## ##.....## #.#........# #.# Turn
9326 on D:7: - why are there no messages for this bailey ### ### ##### ### #
#∩###.###)(.###.### ##'##'##÷###÷##'##' ##....)## ##††...# ###.÷...#####)....#
#.♣o.∩..'.#.'..⌠..' ###.....#####.....# #...)(# #....(# #'##'##'# #'##'##' #.#
#.# #.#.# #.### ## ### ### ### # #g#.# #. ## #'# #'##'##' .# #....(# #...o.#
#.'..)..' Turn 9726 on Bailey: - god domn it

Levels and vault maps discovered:
D:1:      tarquinn_simple_flora_water_c, layout_rooms
D:2:      layout_rooms, uniq_natasha, uniq_jessica, uniq_sigmund
D:3:      layout_basic, shapermc_ecumenical_altar_venn, serial_shops,
          nicolae_shop_crystal, kennysheep_boxes, uniq_crazy_yiuf_cottage
D:4:      layout_loops_ring, chequers_temple_overflow_statue_of_worship,
          minitemple, minmay_temple_entry_crystal_x
D:5:      layout_basic, serial_shops, kennysheep_little_box, chequers_avenue,
          bh_walls_and_bars, uniq_menkaure, uniq_eustachio
D:6:      layout_loops_corners, serial_shops, shop, kb_rosetta,
          uniq_blork_the_orc
D:7:      layout_loops_corners, enter_bailey_8, grunt_ministairs_7
Temple:   minmay_temple_curvy_branch
Bailey:   bailey_axe_2, bailey

Skill      XL: |  1  2  3  4  5  6  7  8  9 10 |
---------------+-------------------------------+-----
Conjurations   | 6 7 8 9 11 12 | 12.0
Spellcasting   | 4 5 6 |  6.0
Fighting       | 1 4 |  4.7
Dodging        | 4 6 |  6.0
Translocations | 3 5 6 |  6.0
Hexes          | 1 |  1.6
Stealth        | |  2.0

Action                   |  1- 3 |  4- 6 |  7- 9 | 10-12 || total
-------------------------+-------+-------+-------+-------++-------
Melee: Dagger            |       |       |     1 |    12 ||    13
       Kick              |       |       |       |     1 ||     1
Throw: Stone             |     4 |     5 |    21 |       ||    30
       Dart              |       |     1 |    12 |    33 ||    46
 Cast: Magic Dart        |    64 |    66 |    54 |    14 ||   198
       Searing Ray       |     4 |    16 |    54 |    23 ||    97
       Iskenderun's Myst |       |       |     6 |     4 ||    10
       Fulminant Prism   |       |       |       |     9 ||     9
  Use: Potion            |       |       |       |     8 ||     8
       Scroll            |       |       |       |     5 ||     5
Armor: Robe              |     1 |       |     8 |     2 ||    11
       Skin              |       |       |       |     4 ||     4
Dodge: Dodged            |     1 |     4 |    23 |    22 ||    50
